 Dungeon Sprint DCSS version 0.23.2-1-ga50397a (webtiles) character file.

Game seed: 14426191148651136797

5057 nuthulu the Warrior (level 10, -22/131 HPs)
             Began as an Ogre Berserker on Apr 23, 2019.
             Was a High Priest of Trog.
             Annihilated by a tyrant leech (35 damage)
             ... in the Dungeon (Sprint IX: "|||||||||||||||||||||||||||||").
             The game lasted 00:03:05 (2210 turns).

nuthulu the Warrior (Ogre Berserker)                Turns: 2210, Time: 00:03:05

Health: -22/131    AC:  4    Str: 27    XL:     10   Next: 56%
Magic:  3/3        EV: 17    Int:  8    God:    Trog [*****.]
Gold:   0          SH:  0    Dex: 13    Spells: 9/9 levels left

rFire    . . .     SeeInvis .   t - +4 giant spiked club (antimagic)
rCold    . . .     Gourm    .   (shield currently unavailable)
rNeg     . . .     Faith    .   b - +0 animal skin
rPois    .         Spirit   .   (helmet restricted)
rElec    .         Reflect  .   o - +0 cloak
rCorr    .         Harm     .   (gloves unavailable)
MR       +....     NoTele   +   (boots unavailable)
Stlth    +.........             (no amulet)
HPRegen  0.31/turn              q - +3 ring of strength
MPRegen  0.08/turn              p - +3 ring of dexterity

@: starving
A: large, unfitting armour, tough skin 1
a: Berserk, Trog's Hand, Brothers in Arms, Renounce Religion


You were in the Dungeon.
You worshipped Trog.
Trog was extremely pleased with you.
You were starving.

You visited 1 branch

Inventory:

Hand Weapons
 a - a +0 mace
 j - a +4 longbow
 n - a +2 morningstar of crushing
 t - a +4 antimagic giant spiked club (weapon)
Armour
 b - a +0 animal skin (worn)
 o - a +0 cloak (worn)
Jewellery
 p - a +3 ring of dexterity (right hand)
 q - a +3 ring of strength (left hand)
Wands
 m - a wand of acid (10)
Scrolls
 c - 2 scrolls of fear
 i - 2 scrolls of blinking
 l - 4 scrolls of remove curse
 r - 2 scrolls of identify
 s - a scroll of fog
Potions
 d - 6 potions of curing
 e - 5 potions of heal wounds
 f - 2 potions of haste
 g - 4 potions of magic
 h - a potion of berserk rage
 k - a potion of invisibility


   Skills:
 + Level 17.5 Fighting
 * Level 13.3 Maces & Flails
 + Level 13.0 Dodging


You had 9 spell levels left.
You didn't know any spells.
Your spell library was empty.

Dungeon Overview and Level Annotations

Branches:
Dungeon (1/1)

Altars:
Cheibriados
Dithmenos
Elyvilon
Fedhas
Gozag
Hepliaklqana
Kikubaaqudgha
Makhleb
Nemelex Xobeh
Okawaru
Qazlal
Ru
Sif Muna
Trog
Uskayaw
Vehumet
Wu Jian
Xom
Yredelemnul
Zin
The Shining One
Beogh
Jiyva
Lugonu


Innate Abilities, Weirdness & Mutations

You are too large for most types of armour.
You have tough skin. (AC +1)


Message History

You perforate the tyrant leech like a sieve!!!
You kill the tyrant leech!
Trog accepts your kill. Something appears at your feet!
Trog grants you a weapon!
Your Dodging skill increases to level 13!
The blink frog blinks!
The blink frog blinks!
The blink frog blinks!
The tyrant leech bites you!
The tyrant leech draws strength from your injuries!
You see here a glowing great mace {god gift}.
You barely miss the tyrant leech. The tyrant leech bites you!
The tyrant leech draws strength from your injuries!
You barely miss the tyrant leech. The tyrant leech bites you!!
* * * LOW HITPOINT WARNING * * *
The tyrant leech draws strength from your injuries!
You puncture the tyrant leech!
The tyrant leech is moderately wounded.
The tyrant leech bites you!!
You die...

▓▓▓▓▓▓▓▓▓▓▓▓▓▓▓▓▓▓▓▓▓▓▓▓▓▓▓▓▓▓▓▓▓
...))').[.[(|?.'_________________
▓▓▓▓▓▓▓▓▓▓▓▓▓▓▓▓▓▓▓▓▓▓▓▓▓▓▓▓▓▓▓▓▓
.................................
▓▓▓▓▓▓▓▓▓▓▓▓▓▓▓▓▓▓▓▓▓▓▓▓▓▓▓▓▓▓▓▓▓
..Fywww@..÷.....'.......
▓▓▓▓▓▓▓▓▓▓▓▓▓▓▓▓▓▓▓▓▓▓▓▓


You could see 3 tyrant leeches, a blink frog and a vampire mosquito.

Vanquished Creatures
  2 hydras (D)
  A cyclops (D)
  3 spiny frogs (D)
  A komodo dragon (D)
  A tyrant leech (D)
  A blink frog (D)
  2 yaks (D)
  A basilisk (D)
  5 porcupines (D)
  A phantom (D)
  A centaur (D)
  2 crocodiles (D)
  A big kobold (D)
  4 bullfrogs (D)
  A wight (D)
  An orc wizard (D)
  A worker ant (D)
  A shadow imp (D)
  A leopard gecko (D)
  2 bat skeletons (D)
  A goblin (D)
  2 hobgoblins (D)
  A bat (D)
  A jackal skeleton (D)
  A kobold (D)
39 creatures vanquished.

Vanquished Creatures (collateral kills)
  An ugly thing (D)
  A crimson imp (D)
  A worker ant (D)
3 creatures vanquished.

Grand Total: 42 creatures vanquished

Notes
Turn   | Place    | Note
-------+----------+-------------------------------------------
     0 | D        | nuthulu the Ogre Berserker began the quest for the Orb.
     0 | D        | Reached XP level 1. HP: 24/24 MP: 1/1
    18 | D        | Reached ** piety under Trog
   375 | D        | Noticed a centaur
   380 | D        | Reached skill level 5 in Fighting
   380 | D        | Reached XP level 2. HP: 35/35 MP: 2/2
   383 | D        | Reached *** piety under Trog
   391 | D        | HP: 2/52 [centaur (3)]
   392 | D        | Killed a centaur
   392 | D        | Reached skill level 7 in Fighting
   392 | D        | Reached skill level 5 in Maces & Flails
   392 | D        | Reached skill level 5 in Dodging
   392 | D        | Reached XP level 3. HP: 3/46 MP: 3/3
   392 | D        | Reached XP level 4. HP: 3/55 MP: 4/4
   575 | D        | Found a roughly hewn altar of Beogh.
   575 | D        | Found a snail-covered altar of Cheibriados.
   575 | D        | Found a shadowy altar of Dithmenos.
   575 | D        | Found a white marble altar of Elyvilon.
   575 | D        | Found a blossoming altar of Fedhas.
   575 | D        | Found an opulent altar of Gozag.
   576 | D        | Found a hazy altar of Hepliaklqana.
   577 | D        | Found a viscous altar of Jiyva.
   578 | D        | Found an ancient bone altar of Kikubaaqudgha.
   579 | D        | Found a corrupted altar of Lugonu.
   580 | D        | Found a burning altar of Makhleb.
   581 | D        | Found a sparkling altar of Nemelex Xobeh.
   582 | D        | Found an iron altar of Okawaru.
   583 | D        | Found a stormy altar of Qazlal.
   584 | D        | Found a sacrificial altar of Ru.
   585 | D        | Found a deep blue altar of Sif Muna.
   586 | D        | Found a bloodstained altar of Trog.
   587 | D        | Found a hide-covered altar of Uskayaw.
   588 | D        | Found a radiant altar of Vehumet.
   589 | D        | Found an ornate altar of the Wu Jian Council.
   590 | D        | Found a shimmering altar of Xom.
   591 | D        | Found a basalt altar of Yredelemnul.
   592 | D        | Found a glowing silver altar of Zin.
   593 | D        | Found a glowing golden altar of the Shining One.
   627 | D        | Noticed a yak
   627 | D        | Noticed a phantom
   627 | D        | Noticed a big kobold
   628 | D        | Reached **** piety under Trog
   636 | D        | Reached skill level 8 in Fighting
   636 | D        | Reached XP level 5. HP: 65/65 MP: 5/5
   637 | D        | Killed a big kobold
   637 | D        | Reached skill level 9 in Fighting
   639 | D        | Killed a yak
   639 | D        | Reached skill level 10 in Fighting
   639 | D        | Reached XP level 6. HP: 79/79 MP: 6/6
   642 | D        | Reached ***** piety under Trog
   642 | D        | Reached skill level 11 in Fighting
   670 | D        | Killed a phantom
   670 | D        | Reached XP level 7. HP: 53/88 MP: 7/7
   735 | D        | Noticed a komodo dragon
   735 | D        | Noticed a purple ugly thing
   735 | D        | Noticed a cyclops
   740 | D        | Killed a cyclops
   740 | D        | Received a gift from Trog
   740 | D        | Reached skill level 12 in Fighting
   751 | D        | Killed a purple ugly thing
   751 | D        | Reached skill level 13 in Fighting
   751 | D        | Reached XP level 8. HP: 13/102 MP: 8/8
   778 | D        | Killed a komodo dragon
   778 | D        | Reached skill level 10 in Maces & Flails
   778 | D        | Reached skill level 10 in Dodging
  1090 | D        | Noticed a spiny frog
  1090 | D        | Noticed a spiny frog
  1091 | D        | Noticed a seven-headed hydra
  1096 | D        | Reached skill level 14 in Fighting
  1102 | D        | Killed a seven-headed hydra
  1102 | D        | Reached skill level 15 in Fighting
  1102 | D        | Reached XP level 9. HP: 40/115 MP: 9/9
  1110 | D        | Killed a spiny frog
  1111 | D        | Received a gift from Trog
  1123 | D        | Killed a spiny frog
  1123 | D        | Reached skill level 16 in Fighting
  1483 | D        | Received a gift from Trog
  1486 | D        | Noticed a spiny frog
  1490 | D        | Reached XP level 10. HP: 66/128 MP: 10/10
  1513 | D        | Killed a spiny frog
  1513 | D        | Reached skill level 17 in Fighting
  1866 | D        | Noticed a seven-headed hydra
  1872 | D        | Killed a seven-headed hydra
  2205 | D        | Received a gift from Trog
  2210 | D        | Annihilated by a tyrant leech

Skill      XL: |  1  2  3  4  5  6  7  8  9 10 |
---------------+-------------------------------+-----
Maces & Flails | 3 5 7 8 9 11 12 13 | 13.3
Dodging        | 3 5 7 8 9 11 12 13 | 13.0
Fighting       | 5 7 8 10 11 13 15 16 17 | 17.5

Action                   |  1- 3 |  4- 6 |  7- 9 | 10-12 || total
-------------------------+-------+-------+-------+-------++-------
Melee: Mace              |    31 |     3 |       |       ||    34
       Morningstar       |       |    20 |    56 |    22 ||    98
       Giant spiked club |       |       |       |    16 ||    16
Invok: Berserk           |     2 |     1 |     1 |     1 ||     5
       Trog's Hand       |     1 |     1 |     3 |     1 ||     6
       Brothers in Arms  |       |       |     1 |       ||     1
  Use: Potion            |       |       |     3 |       ||     3
  Eat: Chunk             |       |     1 |     3 |     2 ||     6
       Ration            |       |     1 |       |       ||     1
Armor: Animal skin       |    14 |     4 |     1 |     2 ||    21
Dodge: Dodged            |    13 |    13 |    40 |    30 ||    96
